 Dungeon Crawl Stone Soup version 0.22.1-2-g9c5b331383 (webtiles) character file.

3073 Gargoyl the Agent of Entropy (level 9, -1/73 HPs)
             Began as a Centaur Abyssal Knight on Dec 26, 2018.
             Was a Priest of Lugonu.
             Slain by a killer bee (5 damage)
             ... on level 7 of the Dungeon.
             The game lasted 00:12:39 (7478 turns).

Gargoyl the Agent of Entropy (CeAK)                 Turns: 7478, Time: 00:12:40

Health: -1/73      AC: 14    Str: 21    XL:     9   Next: 58%
Magic:  22/22      EV:  1    Int: 11    God:    Lugonu [***...]
Gold:   196        SH: 14    Dex: 12    Spells: 8/8 levels left

rFire    . . .     SeeInvis .   a - +1 hand axe
rCold    . . .     Gourm    .   i - +0 large shield
rNeg     . . .     Faith    .   b - +1 plate armour
rPois    .         Spirit   .   g - +0 helmet
rElec    .         Reflect  .   (no cloak)
rCorr    .         Harm     .   l - +0 pair of gloves
MR       .....                  (no barding)
Stlth    ..........             s - amulet of rage
HPRegen  0.22/turn              p - ring of magical power
MPRegen  0.18/turn              r - +4 ring of strength (curse)

@: lethally poisoned (-1 -> -5), very quick
A: large, hooves 3, agile 1, deformed body, speed 2, sense surroundings 1, tough
skin 3
a: Depart the Abyss, Bend Space, Banish, Renounce Religion, Evoke Berserk Rage


You were on level 7 of the Dungeon.
You worshipped Lugonu.
Lugonu was most pleased with you.
You were hungry.

You visited 1 branch of the dungeon, and saw 8 of its levels.
You visited the Abyss 1 time.

You collected 344 gold pieces.
You spent 148 gold pieces at shops.

Inventory:

Hand Weapons
 a - a +1 hand axe (weapon)
Armour
 b - a +1 plate armour (worn)
 g - a +0 helmet (worn)
 i - a +0 large shield (worn)
 l - a +0 pair of gloves (worn)
Jewellery
 p - a ring of magical power (left hand)
 r - a cursed +4 ring of strength (right hand)
 s - an amulet of rage (around neck)
Wands
 q - a wand of polymorph (23)
 x - a wand of random effects (30)
Scrolls
 d - 2 scrolls of identify
 f - 7 scrolls of remove curse
 j - a scroll of teleportation
 t - a scroll of fog
 u - a scroll of enchant weapon {unknown}
 w - a scroll of blinking
Potions
 e - 5 potions of curing
 h - 4 potions of brilliance
 k - a potion of berserk rage
 m - a potion of resistance {unknown}
 o - 2 potions of might
 v - a potion of heal wounds {unknown}
Comestibles
 c - 9 rations


   Skills:
 + Level 4.9 Fighting
 + Level 6.5 Axes
 * Level 5.5 Armour
 + Level 0.9 Dodging
 + Level 4.0 Shields
 * Level 6.5 Invocations
 + Level 1.1 Evocations


You had 8 spell levels left.
You didn't know any spells.
Your spell library contained the following spells:

 Spells                   Type           Power        Failure   Level  Hunger
 Animate Skeleton         Necr           N/A          100%        1    ##.....
 Apportation              Tloc           #.....       100%        1    ##.....
 Confusing Touch          Hex            #.....       100%        1    ##.....
 Magic Dart               Conj           #...         100%        1    ##.....
 Sandblast                Erth           #.....       100%        1    ##.....
 Summon Small Mammal      Summ           #...         100%        1    ##.....
 Passwall                 Tmut/Erth      #.......     100%        2    ###....
 Searing Ray              Conj           #.....       100%        2    ###....
 Dazzling Spray           Conj/Hex       #.....       100%        3    ####...
 Stone Arrow              Conj/Erth      #.....       100%        3    ####...
 Force Lance              Conj/Tloc      #.......     100%        4    #####..
 Fulminant Prism          Conj/Hex       #.........   100%        4    #####..
 Iskenderun's Mystic Bla  Conj           #.......     100%        4    #####..
 Petrify                  Tmut/Erth      #.......     100%        4    #####..
 Lee's Rapid Deconstruct  Erth           #.........   100%        5    ######.


Dungeon Overview and Level Annotations

Branches:
Dungeon (8/15)             Temple (0/1) D:4
   Lair: D:8-11

Altars:
Ashenzari
Dithmenos
Gozag
Hepliaklqana
Kikubaaqudgha
Qazlal
The Shining One

Shops:
D:4 }([[   D:7 ?

Annotations:
D:8 3 runed doors, Freitmort's ghost, novice DECj


Innate Abilities, Weirdness & Mutations

You have hooves in place of feet.
Armour fits poorly on your strangely shaped body.
You cover ground very quickly.
You have extremely tough skin. (AC +3)
You are agile. (Dex +2)
You passively map a small area around you.


Message History

You miss the killer bee. Your kick misses the killer bee.
You feel sick. The killer bee completely misses you. The killer bee stings you.
* * * LOW HITPOINT WARNING * * *
You block the killer bee's attack.
Your shield and plate armour prevent you from hitting the killer bee.
You kick the killer bee, but do no damage.
You are feeling hungry.
You feel sick. The killer bee stings you!
* * * LOW HITPOINT WARNING * * *
You block the killer bee's attack.
You hit the killer bee.
The killer bee is moderately wounded.
You feel sick. The killer bee stings you!
* * * LOW HITPOINT WARNING * * *
You block the killer bee's attack.
You hit the killer bee.
The killer bee is heavily wounded.
* * * LOW HITPOINT WARNING * * *
You feel sick. The killer bee stings you.
You die...

#.#.#.###.# , ,.y...
#.#.#.....# * , .....
#.#.#.##### .y.$.
#.#.#.# ,..... #.#.#.#
,..... #.#.#.# , ...
#.#.#.# *####)####
#.#.#.#########(((.....
#.#.#.@yy....†.........
#.#.####....##>........
#######.#.#
#.....#.........
#.......#.#
#.....#.[....>..
#.#######.#
#............... #.#
#.# #....##.........
#.# #.#
#....##......... #.#
#.# ###'#...........
#.# #.# #.#.##........


You could see 2 killer bees.

Vanquished Creatures
  Gastronok (D:8)
  A hippogriff (D:8)
  A phantom (D:6)
  An ice beast (D:8)
  A centaur (D:7)
  A bullfrog (D:6)
  4 wights (D:6)
  2 killer bees (D:7)
  3 crimson imps (D:5)
  A centaur zombie (D:6)
  A bullfrog zombie (D:5)
  2 hounds
  A jelly (D:6)
  2 orc priests (D:4)
  2 bullfrog skeletons (D:4)
  An orc wizard (D:3)
  2 centaur skeletons
  An iguana (D:6)
  6 worker ants
  A hound skeleton (D:5)
  2 adders
  2 shadow imps
  2 oozes (D:3)
  2 worms
  10 orcs
  2 giant cockroaches
  15 goblins
  10 hobgoblins
  11 jackals
  4 quokkas
  11 bats
  5 frilled lizards
  A giant cockroach zombie (D:5)
  2 kobolds
  6 rats
120 creatures vanquished.

Vanquished Creatures (others)
  A golden eye (D:7)
  A hound (D:4)
2 creatures vanquished.

Grand Total: 122 creatures vanquished

Notes
Turn   | Place    | Note
-------+----------+-------------------------------------------
     0 | Abyss:1  | Gargoyl the Centaur Abyssal Knight began the quest for the
                  | Orb.
     0 | Abyss:1  | Reached XP level 1. HP: 19/19 MP: 2/2
    47 | Abyss:1  | Noticed a frost giant skeleton
    56 | Abyss:1  | Noticed a large abomination
    66 | Abyss:1  | Noticed a green death
    69 | D:1      | Escaped the Abyss
   367 | D:1      | Reached XP level 2. HP: 23/26 MP: 3/3
   479 | D:1      | Reached * piety under Lugonu
   877 | D:2      | Reached XP level 3. HP: 11/31 MP: 4/4
  2396 | D:3      | Reached XP level 4. HP: 40/40 MP: 6/6
  2424 | D:3      | Reached ** piety under Lugonu
  2669 | D:3      | Reached skill level 1 in Shields
  2669 | D:3      | Reached XP level 5. HP: 26/46 MP: 7/7
  2703 | D:3      | HP: 2/46 [poisoned by a worker ant]
  2711 | D:3      | HP: 2/46 [poisoned by a worker ant]
  3007 | D:3      | Gained mutation: You passively map a small area around you.
                  | [potion of mutation]
  3007 | D:3      | Gained mutation: You are agile. (Dex +2) [potion of
                  | mutation]
  3393 | D:4      | Reached XP level 6. HP: 44/52 MP: 8/8
  3446 | D:4      | Found Fear's Antique Armour Shoppe.
  3454 | D:4      | Bought a pair of gloves for 148 gold pieces
  3459 | D:4      | Found Degiclehulu's Weapon Boutique.
  3465 | D:4      | Found Kobigrop's Antique Armour Emporium.
  3641 | D:4      | Found a staircase to the Ecumenical Temple.
  3684 | D:4      | Found Goabbuem's Gadget Shoppe.
  3940 | D:5      | Entered Level 5 of the Dungeon
  3940 | D:5      | Found an opulent altar of Gozag.
  4360 | D:5      | Found a stormy altar of Qazlal.
  4363 | D:5      | Found a shattered altar of Ashenzari.
  4402 | D:5      | Found a glowing golden altar of the Shining One.
  4402 | D:5      | Found a hazy altar of Hepliaklqana.
  4407 | D:5      | Found a shadowy altar of Dithmenos.
  4408 | D:5      | Found an ancient bone altar of Kikubaaqudgha.
  4453 | D:5      | Reached XP level 7. HP: 46/58 MP: 9/9
  5751 | D:6      | Reached *** piety under Lugonu
  5751 | D:6      | Reached XP level 8. HP: 63/66 MP: 11/11
  6252 | D:7      | Found Funainn's Magic Scroll Emporium.
  6489 | D:7      | Noticed Prince Ribbit
  6505 | D:7      | Noticed Prince Ribbit
  6505 | D:7      | Prince Ribbit changed into Prince Ribbit the golden eye
  6917 | D:7      | Banished Prince Ribbit the golden eye
  6952 | D:8      | Noticed a hippogriff
  6957 | D:8      | Found a runed gate.
  6957 | D:8      | Found a runed gate.
  6962 | D:8      | Killed a hippogriff
  7019 | D:8      | Found a runed gate.
  7020 | D:8      | Noticed Freitmort's ghost (novice DECj)
  7028 | D:8      | Noticed Gastronok
  7053 | D:8      | Killed Gastronok
  7053 | D:8      | Reached skill level 5 in Armour
  7053 | D:8      | Reached skill level 1 in Evocations
  7053 | D:8      | Reached XP level 9. HP: 68/73 MP: 13/13
  7478 | D:7      | Slain by a killer bee

Skill      XL: |  1  2  3  4  5  6  7  8 |
---------------+-------------------------+-----
Axes           | 2 3 4 6 |  6.5
Armour         | 2 3 5 |  5.5
Invocations    | 3 4 6 |  6.5
Shields        | 1 2 4 |  4.0
Fighting       | 4 |  4.9
Evocations     | 1 |  1.1
Dodging        | |  0.9

Action                   |  1- 3 |  4- 6 |  7- 9 || total
-------------------------+-------+-------+-------++-------
Melee: Hand axe          |   165 |   153 |   278 ||   596
       Kick              |    19 |    46 |    64 ||   129
Invok: Depart the Abyss  |     1 |       |       ||     1
       Banish            |       |       |     1 ||     1
Evoke: Wand              |       |       |    10 ||    10
  Use: Scroll            |     3 |     6 |     4 ||    13
       Potion            |       |     2 |     3 ||     5
  Eat: Chunk             |     3 |     6 |     2 ||    11
       Ration            |       |       |     2 ||     2
Armor: Plate armour      |   161 |   122 |   132 ||   415
       Leather armour    |     5 |       |       ||     5
Dodge: Dodged            |    10 |     2 |     8 ||    20
Block: Large shield      |   118 |   108 |   196 ||   422
